 Dungeon Crawl Stone Soup version 0.29-a0-490-g77b3608bb8 (webtiles) character file.

Game seed: 9684728915750440405

25 Hubjo the Firebug (level 2, -2/16 HPs)
             Began as a Deep Elf Fire Elementalist on May 26, 2022.
             Was a Follower of Yredelemnul.
             Slain by a rat (3 damage)
             ... on level 1 of the Dungeon.
             The game lasted 00:00:55 (938 turns).

Hubjo the Firebug (Deep Elf Fire Elementalist)       Turns: 938, Time: 00:00:56

Health: -2/16      AC:  2    Str:  5    XL:     2   Next: 82%
Magic:  8/8        EV: 12    Int: 19    God:    Yredelemnul [*.....]
Gold:   47         SH:  0    Dex: 15    Spells: 6/7 levels left

rFire   . . .      SeeInvis .   (no weapon)
rCold   . . .      Faith    .   c - orb {guile}
rNeg    . . .      Spirit   .   a - +0 robe
rPois   .          Reflect  .   (no helmet)
rElec   .          Harm     .   (no cloak)
rCorr   .          Rampage  .   (no gloves)
Will    .....                   (no boots)
Stlth   ++........              (no amulet)
HPRegen 0.05/turn               (no ring)
MPRegen 0.11/turn               (no ring)

@: no status effects
A: no striking features
a: Renounce Religion, Recall Undead Harvest


You were on level 1 of the Dungeon.
You worshipped Yredelemnul.
Yredelemnul was noncommittal.
You visited 1 branch of the dungeon, and saw 1 of its levels.

You collected 47 gold pieces.

Inventory:

Armour
 a - a +0 robe (worn)
 c - an orb of guile (worn)
Scrolls
 d - a scroll of fear {unknown}
 f - a scroll of noise {unknown}
Potions
 b - a potion of magic
 e - 2 potions of heal wounds {unknown}


   Skills:
 * Level 1.1 Fighting
 - Level 2.4 Dodging
 + Level 2.9 Stealth
 + Level 3.4 Spellcasting
 - Level 1.1 Conjurations
 + Level 3.5 Fire Magic


You had 6 spell levels left.
You knew the following spells:

 Your Spells              Type           Power      Damage    Failure   Level
a - Foxfire               Conj/Fire      48%        2x1d6     5%          1

Your spell library contained the following spells:

 Spells                   Type           Power      Damage    Failure   Level
 Scorch                   Fire           32%        2d7       4%          2
 Conjure Flame            Conj/Fire      12%        6-21      17%         3
 Inner Flame              Hex/Fire       10%        N/A       22%         3
 Flame Wave               Conj/Fire      12%        2d6       50%         4


Dungeon Overview and Level Annotations

Branches:
Dungeon (1/15)

Altars:
Yredelemnul

Shops:
D:1 [


Message History

You swap places.
Found a stone staircase leading down.
There is a stone staircase leading down here.
A rat comes into view.
The rat barely misses you. The rat closely misses you. The rat bites you.
The rat misses you. The rat bites you but does no damage. The rat misses you.
The rat closely misses you. The rat bites you. The rat barely misses you.
The rat completely misses you. The rat bites you but does no damage.
The rat bites you. The rat misses you. The rat completely misses you.
The rat barely misses you. The rat barely misses you. The rat bites you.
The rat closely misses you. The rat bites you.
The rat bites you but does no damage. The rat bites you but does no damage.
The rat barely misses you. The rat bites you. The rat barely misses you.
The rat closely misses you. The rat barely misses you.
The rat barely misses you. The rat bites you. The rat bites you.
* * * LOW HITPOINT WARNING * * *
The rat bites you.
* * * LOW HITPOINT WARNING * * *
The rat closely misses you. The rat bites you.
You die...
Your body rises from the dead as a mindless zombie.

####
############...#
#ZZ.Z>.........###
#Z########........
#Z# #.####### #@#
#Z# #.r.# #.#
#..... #.#
#...##.# #.# #####
# #Z# #.# #Z# #.#
#.#


You could see a rat (ally target), a friendly ball python zombie, 2 friendly
adder zombies and a friendly quokka zombie.

Vanquished Creatures
  A bat (D:1)
  2 endoplasms (D:1)
  5 goblins (D:1)
  2 hobgoblins (D:1)
  A quokka (D:1)
  4 ball pythons (D:1)
  2 kobolds (D:1)
  2 rats (D:1)
19 creatures vanquished.

Vanquished Creatures (collateral kills)
  A hobgoblin (D:1)
  A quokka (D:1)
  A frilled lizard (D:1)
3 creatures vanquished.

Vanquished Creatures (others)
  A giant cockroach zombie (D:1)
  86 foxfires (D:1)
87 creatures vanquished.

Grand Total: 109 creatures vanquished

Notes
Turn   | Place    | Note
-------+----------+-------------------------------------------
     0 | D:1      | Hubjo the Deep Elf Fire Elementalist began the quest for
                  | the Orb.
     0 | D:1      | Reached XP level 1. HP: 10/10 MP: 6/6
   294 | D:1      | Reached XP level 2. HP: 16/16 MP: 4/8
   521 | D:1      | Found Jiolabb's Armour Emporium.
   584 | D:1      | Reached skill level 1 in Fighting
   702 | D:1      | Found a faded altar of an unknown god.
   721 | D:1      | Prayed at the altar of an unknown god.
   721 | D:1      | Became a worshipper of Yredelemnul the Dark
   721 | D:1      | Reached * piety under Yredelemnul
   938 | D:1      | Slain by a rat

Illustrated notes

Levels and vault maps discovered:
D:1:      ebering_trefoil_3fold, layout_loops_ring,
          nicolae_ecumenical_snake_handling, serial_shops, shop_statue

Skill      XL: |  1  2 |
---------------+-------+-----
Fighting       | 1 |  1.1
Dodging        | |  2.4
Stealth        | |  2.9
Spellcasting   | |  3.4
Conjurations   | |  1.1
Fire Magic     | |  3.5

Action                   || total
-------------------------++-------
Melee: Unarmed           ||     2
 Cast: Foxfire           ||    57
Armor: Robe              ||     7
Dodge: Dodged            ||    20

Table legend: (Time is in decaauts)
 A = Elapsed time spent in this place.
 B = Non-inter-level travel time spent in this place.
 C = Inter-level travel time spent in this place.
 D = Time resting spent in this place.
 E = Time spent auto-exploring this place.
 F = Levels seen in this place.
 G = Mean time per level.
                   A        B        C        D        E       F      G
               +--------+--------+--------+--------+--------+-----+--------+
         Total |    938 |    938 |      0 |      0 |    713 |   1 |  938.0 |
       Dungeon |    938 |    938 |      0 |      0 |    713 |   1 |  938.0 |
               +--------+--------+--------+--------+--------+-----+--------+

Top non-repeatable levels by time:
     D:1: 938 daAuts
